Map: Bel'Shir Vestige LE (Void)

Players

GuMiho - Winner!

  • Race: Terran Terran
  • Spawn Location: 11:00

TYTY (TY)

  • Race: Terran Terran
  • Spawn Location: 5:00

Event: IEM XI Katowice - World Championship 2017

VOD

Have the link to the VOD?

Description

Time

  • Played on: March 4, 2017, 12:01 p.m.
  • Length: 17:30

All games in this series

Show
View Real Time Build Order
Export as new Build Order

GuMiho Terran - Winner!

Build Orders: 1/1/1, MMM Bio, Banshee Rush 

Get SALT Encoding   

  12  0:00  SCV  
  13  0:12  SCV  
  14  0:17  Supply Depot  
  14  0:24  SCV  
  15  0:38  SCV  
  15  0:39  Barracks  
  16  0:43  Refinery  
  16  0:50  SCV  
  16  0:52  Refinery  
  17  1:02  SCV  
  18  1:15  SCV  
  19  1:27  Reaper, Orbital Command  
  20  1:39  Factory  
  20  1:47  Supply Depot  
  20  1:52  SCV  
  21  1:59  Reaper  
  22  2:04  SCV  
  23  2:16  SCV  
  24  2:25  Starport  
  24  2:28  SCV  
  25  2:33  Barracks Tech Lab  
  25  2:41  SCV  
  25  2:42  Supply Depot  
  26  2:53  SCV  
  27  3:03  Barracks Reactor  
  28  3:07  Cloaking Field, Command Center  
  28  3:12  Cyclone  
  27  3:21  Banshee  
  27  3:25  SCV  
  31  3:37  SCV  
  31  3:39  Supply Depot, Marine x2  
  34  3:45  Factory Tech Lab  
  34  3:49  SCV  
  34  3:57  Marine x2  
  36  4:04  Siege Tank  
  36  4:05  SCV  
  36  4:06  Banshee  
  43  4:15  Marine x2  
  45  4:22  SCV  
  46  4:33  Marine, Orbital Command  
  41  4:46  SCV  
  44  4:58  SCV  
  44  4:59  SCV  
  46  5:00  Refinery  
  44  5:09  Marine  
  44  5:10  SCV  
  44  5:11  SCV  
  44  5:12  Supply Depot  
  44  5:13  Viking x2  
  51  5:17  Siege Tank  
  54  5:22  SCV  
  54  5:23  Supply Depot, SCV  
  56  5:32  Marine  
  56  5:34  SCV  
  58  5:35  SCV  
  59  5:43  Viking x2  
  59  5:46  SCV  
  59  5:48  SCV  
  59  5:49  Supply Depot  
  63  6:08  SCV x2  
  63  6:09  Marine  
  66  6:15  Viking  
  66  6:16  Viking  
  70  6:21  SCV x2  
  70  6:23  Supply Depot x2  
  72  6:26  Stimpack  
  72  6:27  Marine  
  72  6:28  Siege Tank  
  76  6:33  SCV x2  
  78  6:42  Liberator  
  78  6:53  Liberator  
  73  7:00  SCV x2  
  72  7:06  Barracks x2  
  72  7:07  Refinery  
  72  7:12  SCV x2  
  77  7:18  Marine  
  78  7:24  SCV x2  
  78  7:28  Engineering Bay  
  80  7:32  Siege Tank  
  80  7:36  Marine, SCV x2  
  82  8:01  SCV x2  
  84  8:09  Viking x2  
  84  8:11  Barracks Reactor x2  
  88  8:13  Terran Infantry Weapons Level 1, SCV x2  
  88  8:14  Command Center  
  88  8:15  Supply Depot  
  88  8:17  Barracks  
  88  8:18  Supply Depot, Siege Tank, Barracks  
  88  8:25  SCV x2  
  89  8:37  Marine, SCV x2  
  83  8:53  Marine  
  83  8:54  Marine  
  83  8:55  Marine x2  
  66  9:12  Marine  
  66  9:21  SCV  
  62  9:31  Orbital Command  
  62  9:32  Barracks Reactor x2  
  62  9:38  Siege Tank  
  65  9:48  SCV x2  
  65  9:49  Marine x5  
  72  9:53  Combat Shields  
  72  10:00  SCV  
  72  10:04  Medivac  
  72  10:05  Medivac  
  77  10:08  Terran Infantry Armor Level 1  
  77  10:10  Marine x3  
  77  10:11  Marine, Orbital Command  
  77  10:14  Marine  
  82  10:15  Marine x2  
  82  10:20  SCV x2  
  86  10:22  Marine  
  86  10:26  Marine  
  86  10:27  Marine  
  89  10:29  Siege Tank  
  89  10:30  Marine  
  89  10:31  Marine  
  89  10:33  Marine  
  89  10:34  Marine  
  96  10:37  Marine  
  96  10:44  Marine  
  96  10:49  Marine x5  
  101  10:51  Marine  
  101  10:52  Marine  
  101  10:54  Marine  
  101  10:58  SCV x3  
  101  11:01  Siege Tank  
  101  11:02  Marine  
  108  11:07  Marine  
  108  11:08  Marine x4  
  108  11:09  Marine  
  108  11:10  Marine  
  115  11:12  Marine  
  115  11:20  Marine  
  115  11:25  Marine x4  
  116  11:27  Marine x2  
  116  11:28  Marine  
  116  11:30  Marine  
  121  11:33  Siege Tank  
  121  11:34  Medivac  
  121  11:36  Medivac  
  124  11:41  Marine  
  124  11:43  Marine x2  
  124  11:46  Marine x2  
  129  11:54  Marine x2  
  131  12:01  Marine x2  
  131  12:06  Orbital Command  
  133  12:10  Marine  
  133  12:25  Marine, Medivac  
  133  12:26  Marine  
  133  12:27  Marine x3  
  133  12:28  Marine  
  133  12:29  Marine  
  129  12:33  Marine x2  
  120  12:43  Marine  
  120  12:44  Marine  
  120  12:45  Marine x2  
  115  13:21  Marine x6  
  103  13:35  Orbital Command  
  103  13:37  Marine x2  
  103  13:38  Marine x2  
  103  13:39  Marine x3  
  107  13:43  Marine x2  
  106  13:55  Marine x2  
  103  13:56  Marine  
  106  14:04  Marine  
  103  14:17  Marine  
  103  14:22  Marine  
  105  14:25  Marine  
  107  14:38  Siege Tank  
  87  16:00  Command Center  
Show
View Real Time Build Order
Export as new Build Order

TYTY Terran 

Build Orders: Reaper Expand 

Get SALT Encoding   

  12  0:00  SCV  
  13  0:12  SCV  
  14  0:21  Supply Depot  
  14  0:24  SCV  
  15  0:29  Refinery  
  15  0:43  SCV  
  15  0:44  Barracks  
  16  0:55  SCV  
  17  1:07  SCV  
  18  1:19  SCV  
  19  1:32  Reaper, Orbital Command  
  20  1:43  Command Center  
  20  1:53  Factory  
  20  1:58  SCV  
  21  2:04  Refinery  
  21  2:08  Barracks Reactor  
  21  2:11  SCV  
  21  2:15  Supply Depot  
  22  2:23  SCV  
  22  2:35  SCV  
  23  2:38  Hellion  
  23  2:40  Starport  
  25  2:44  Marine x2  
  25  2:48  SCV  
  28  3:01  SCV  
  31  3:07  Supply Depot  
  29  3:17  Cyclone  
  31  3:27  Supply Depot  
  31  3:29  Marine x2, SCV, Medivac  
  36  3:37  Orbital Command  
  37  3:41  SCV  
  37  3:46  Marine x2  
  39  3:53  Widow Mine, SCV  
  42  3:59  Viking  
  44  4:05  SCV x2  
  45  4:11  Marine x2  
  47  4:17  SCV  
  48  4:24  SCV  
  48  4:27  Factory Tech Lab  
  51  4:34  SCV  
  51  4:36  SCV  
  51  4:40  Marine x2  
  44  4:46  SCV  
  44  4:50  SCV  
  44  4:54  Supply Depot, Factory Tech Lab  
  44  4:58  Marine x2, Raven, SCV  
  49  5:02  SCV  
  49  5:05  Supply Depot  
  50  5:10  SCV, Barracks  
  50  5:12  Barracks  
  50  5:13  Siege Tank  
  53  5:14  SCV  
  53  5:20  Marine x2  
  56  5:22  SCV  
  57  5:29  Refinery  
  57  5:30  SCV  
  57  5:34  SCV  
  59  5:35  Engineering Bay  
  59  5:38  Marine x2  
  61  5:45  Siege Tank, SCV  
  61  5:47  SCV  
  66  5:55  Marine  
  66  5:56  Marine  
  68  6:00  SCV  
  66  6:09  Starport Reactor, SCV  
  66  6:12  Barracks Tech Lab  
  66  6:13  SCV  
  66  6:17  Siege Tank  
  67  6:19  Terran Infantry Weapons Level 1  
  67  6:20  Marine x3, Barracks  
  67  6:22  SCV, Barracks  
  67  6:25  Supply Depot, SCV  
  70  6:28  Refinery  
  70  6:29  Missile Turret  
  70  6:32  Missile Turret  
  70  6:33  Marine  
  70  6:37  SCV x2  
  70  6:38  Marine x2  
  75  6:46  Marine  
  75  6:48  Medivac  
  75  6:51  Marine  
  74  6:56  Marine x2, SCV x2  
  74  7:01  Missile Turret, Medivac  
  76  7:04  Marine  
  79  7:09  Marine  
  79  7:11  Marine x2  
  79  7:14  Marine x2  
  79  7:15  Missile Turret  
  83  7:22  Marine, Medivac  
  86  7:26  Supply Depot  
  86  7:35  Marine, Supply Depot x2  
  90  7:37  Barracks Reactor x2  
  90  7:41  Siege Tank  
  90  7:43  Marine x2  
  90  7:44  Marine  
  93  7:55  Marine  
  80  8:01  Marine x2, SCV x2  
  81  8:06  Marine, Stimpack  
  82  8:13  Marine, SCV x2  
  82  8:14  Marine x2  
  82  8:19  Marine x2, Viking  
  89  8:24  Marine x3  
  89  8:26  Siege Tank  
  95  8:31  Marine  
  95  8:32  Marine  
  93  8:39  SCV x2  
  91  8:41  Marine  
  91  8:42  Marine x2  
  89  8:50  Marine x4  
  89  8:51  Medivac  
  89  8:54  SCV  
  90  8:57  Marine  
  90  8:59  Marine  
  82  9:04  Marine, Siege Tank  
  82  9:05  Marine  
  79  9:14  SCV x2  
  79  9:15  Marine  
  80  9:21  Marine x2  
  81  9:25  Marine, Barracks Tech Lab  
  82  9:31  Marine  
  82  9:33  Marine  
  82  9:35  Terran Infantry Armor Level 1  
  84  9:39  Starport Reactor  
  84  9:45  Marine  
  84  9:46  Marine  
  84  9:48  Siege Tank  
  84  9:49  Marine x3  
  91  9:53  Combat Shields  
  91  9:58  Marine x3  
  93  10:08  Marine x5  
  98  10:15  Medivac x2  
  98  10:16  Marine  
  98  10:17  Marine x2  
  105  10:24  Siege Tank  
  105  10:26  Marine x2  
  110  10:30  Supply Depot  
  110  10:39  Supply Depot  
  110  10:51  Marine x2, Medivac, Command Center  
  114  11:01  Medivac  
  114  11:04  SCV x2  
  117  11:05  Armory  
  117  11:07  Engineering Bay  
  115  11:14  Marine x5  
  115  11:16  SCV  
  121  11:24  SCV  
  121  11:32  Marine x2  
  122  11:53  Terran Infantry Armor Level 2  
  126  11:57  Viking  
  126  11:58  Viking  
  122  12:09  Siege Tank  
  122  12:13  Marine  
  122  12:14  Marine x2  
  125  12:16  Marine  
  125  12:17  Marine x3  
  128  12:23  Liberator  
  116  12:31  Marine  
  116  12:32  Marine x3  
  116  12:34  Marine x3  
  113  12:42  Marine  
  117  12:49  Marine x2  
  117  12:50  Marine  
  120  12:58  Marine  
  120  12:59  Marine  
  123  13:10  Viking  
  123  13:11  Marine  
  123  13:12  Marine x2  
  126  13:15  Marine  
  126  13:16  Marine x2  
  120  13:29  Marine  
  120  13:31  Marine x2  
  120  13:32  Orbital Command  
  91  13:46  Marine  
  79  13:57  Marine x2  
  75  14:15  Marine x2  
  67  14:21  Marine x2  
  69  14:27  Orbital Command  
  69  14:33  Marine  
  57  15:41  Barracks  
  47  16:14  Supply Depot  
  46  16:33  Supply Depot  
  46  16:34  Supply Depot  

Tags
 
Add a new tag
Caveats
  • Supply blocks, unpowered buildings, or Contaminate may cause inaccurate times.
  • Supply counts are checked every 10 seconds.